 Dungeon Crawl Stone Soup version 0.31-a0-626-g8143ab4f1d (webtiles) character file.

Game seed: 3043228105895253190

333 RepHenryClay the Conjurer (level 6, -4/32 HPs)
             Began as a Deep Elf Hedge Wizard on Aug 25, 2023.
             Killed by nerve-wracking pain
             ... invoked by a shadow imp
              (9 damage)
             ... on level 4 of the Dungeon.
             The game lasted 00:04:48 (3657 turns).

RepHenryClay the Conjurer (Deep Elf Hedge Wizard)   Turns: 3657, Time: 00:04:49

Health: -4/32      AC:  2    Str:  7      XL:     6   Next: 27%
Magic:  3/14       EV: 13    Int: 21      God:
Gold:   218        SH:  0    Dex: 19 (20) Spells: 5/13 levels left

rFire   x . .        a - +4 dagger (freeze)
rCold   + . .        (no shield)
rNeg    . . .        b - +0 robe
rPois   .            c - +0 hat
rElec   .            (no cloak)
rCorr   .            (no gloves)
SInv    .            (no boots)
Will    .....        (no amulet)
Stlth   ++           m - +6 ring of dexterity
HPRegen 0.25/turn    o - ring of ice
MPRegen 0.14/turn

%: no passive effects
@: about to teleport
A: no striking features
a: no special abilities


You were on level 4 of the Dungeon.
You visited 1 branch of the dungeon, and saw 4 of its levels.

You collected 218 gold pieces.

Inventory:

Hand Weapons
 a - a +4 dagger of freezing (weapon)
Armour
 b - a +0 robe (worn)
 c - a +0 hat (worn)
Jewellery
 m - a +6 ring of dexterity (left hand)
 o - a ring of ice (right hand)
Wands
 v - a wand of flame (26)
Scrolls
 g - a scroll of teleportation
 h - a scroll of immolation {unknown}
 n - 3 scrolls of identify {unknown}
 p - a scroll of revelation {unknown}
 r - a scroll of blinking {unknown}
 s - a scroll of noise {unknown}
 t - a scroll of enchant armour {unknown}
Potions
 d - a potion of magic
 e - a potion of invisibility {unknown}
 f - a potion of heal wounds {unknown}
 i - a potion of lignification {unknown}
 j - a potion of enlightenment {unknown}
 k - 3 potions of curing
 l - 2 potions of ambrosia {unknown}
 q - a potion of degeneration {unknown}
 u - a potion of brilliance {unknown}


   Skills:
 - Level 2.4 Dodging
 - Level 2.4 Stealth
 - Level 4.4 Spellcasting
 - Level 6.1 Conjurations
 - Level 1.1 Summonings
 - Level 1.1 Translocations
 + Level 1.9 Air Magic
 + Level 2.1 Poison Magic


You had 5 spell levels left.
You knew the following spells:

 Your Spells              Type           Power      Damage    Failure   Level
a - Magic Dart            Conj           100%       1d8       1%          1
c - Mephitic Cloud        Conj/Pois/Air  19%        N/A       9%          3
d - Cigotuvi's Dreadful   Necr/Pois/Air  20%        N/A       10%         2
Q - Blink                 Tloc           18%        N/A       11%         2

Your spell library contained the following spells:

 Spells                   Type           Power      Damage    Failure   Level
 Call Imp                 Summ           18%        N/A       11%         2
 Slow                     Hex            16%        N/A       12%         1


Dungeon Overview and Level Annotations

Branches:
Dungeon (4/15)
 Temple: D:4-7

Altars:
Trog

Annotations:
D:2 Terence


Message History

The orc priest calls down the wrath of Beogh upon you.
Beogh smites you!
Huge Dmg: -43%(-14hp) hp: 57%(18hp)
Okay, then.
Unknown command.
Casting: Magic Dart (safe; 1% risk of failure)
Confirm with . or Enter, or press ? or * to list all spells.
Okay, then.
Casting: Magic Dart (safe; 1% risk of failure)
Confirm with . or Enter, or press ? or * to list all spells.
Okay, then.
The howler monkey attacks as it pursues you!
The howler monkey hits you.
The howler monkey hoots and howls with incredible vigour!
You hear a chilling moan.
Huge Dmg: -16%(-5hp) hp: 41%(13hp)
Casting: Magic Dart (safe; 1% risk of failure)
Confirm with . or Enter, or press ? or * to list all spells.
Aiming: Mephitic Cloud (quite dangerous; 9% risk of failure)
Press: ? - help, Shift-Dir - straight line The ball explodes into a vile cloud!
The stinking cloud engulfs the quasit but does no damage.
The stinking cloud engulfs the orc priest but does no damage.
The orc priest is engulfed in noxious fumes.
The orc priest appears confused.
The howler monkey barely misses you.
As you read the scroll of teleportation, it crumbles to dust.
You feel strangely unstable. The quasit closely misses you.
The quasit claws you but does no damage.
The quasit claws you.
You feel clumsy. The howler monkey hits you.
* * * LOW HITPOINT WARNING * * *
The orc priest is engulfed in noxious fumes.
The orc priest appears confused.
Huge Dmg: -19%(-6hp) hp: 25%(8hp)
The howler monkey hits you.
* * * LOW HITPOINT WARNING * * *
The shadow imp gestures at you. Pain shoots through your body!
You die...

'...#....................
#...#...................
##..##.....##..........
##..##.....##..##....#
........^..#...##....#
.<.........#.........########5
...........#..........+.......
...........##..##.....#.......
##..##.....##'###@...##..o)†..
##..#####+###..##5h5.# .)h.#
#....'.........#....)##....##.
#....#.........#...o°.........
#....#...†.....#..○...........
##############################


You could see a howler monkey, an orc priest (confused), a quasit and a shadow
imp.

Vanquished Creatures
  A hound (D:4)
  An orc priest (D:4)
  An iguana (D:4)
  Natasha (twice) (D:4 D:3)
  2 orc wizards
  Robin (D:3)
  3 adders
  2 shadow imps (D:4)
  A white imp (D:4)
  3 ufetubi
  2 dart slugs
  4 orcs (D:4)
  3 endoplasms
  3 giant cockroaches (D:1)
  16 goblins
  8 hobgoblins
  A quokka (D:3)
  7 ball pythons
  A bat (D:1)
  2 frilled lizards (D:1)
  6 kobolds
  3 rats
73 creatures vanquished.

Notes
Turn   | Place    | Note
-------+----------+-------------------------------------------
     0 | D:1      | RepHenryClay the Deep Elf Hedge Wizard began the quest for
                  | the Orb.
     0 | D:1      | Reached XP level 1. HP: 10/10 MP: 7/7
   270 | D:1      | Reached skill level 2 in Conjurations
   429 | D:1      | Reached XP level 2. HP: 13/15 MP: 5/9
   727 | D:1      | Reached skill level 3 in Conjurations
   980 | D:2      | Reached XP level 3. HP: 17/19 MP: 5/10
  1190 | D:2      | Noticed Terence
  1353 | D:3      | Learned a level 2 spell: Blink
  1356 | D:3      | Learned a level 2 spell: Cigotuvi's Dreadful Rot
  1360 | D:3      | Learned a level 3 spell: Mephitic Cloud
  1532 | D:3      | Reached skill level 4 in Conjurations
  1755 | D:3      | Found a faded altar of an unknown god.
  1957 | D:3      | Noticed Robin
  1958 | D:3      | Reached XP level 4. HP: 24/24 MP: 6/12
  2105 | D:3      | Killed Robin
  2164 | D:3      | Found a bloodstained altar of Trog.
  2873 | D:4      | Reached skill level 5 in Conjurations
  2937 | D:3      | Reached XP level 5. HP: 21/28 MP: 5/13
  3072 | D:4      | Noticed Natasha
  3076 | D:4      | Killed Natasha
  3077 | D:4      | Reached skill level 6 in Conjurations
  3179 | D:4      | Noticed Natasha
  3223 | D:3      | Killed Natasha
  3317 | D:4      | Reached skill level 1 in Poison Magic
  3532 | D:4      | Reached skill level 1 in Air Magic
  3562 | D:4      | Reached XP level 6. HP: 15/32 MP: 9/14
  3657 | D:4      | Killed from afar by a shadow imp

Illustrated notes

Levels and vault maps discovered:
D:1:      amcnicky_arrival_feature_with_door, layout_basic
D:2:      layout_rooms, kennysheep_generic_room_2, uniq_crazy_yiuf_cottage,
          uniq_terence
D:3:      layout_loops_corners, trog_three_pillars_becter,
          shapermc_ecumenical_altar_mp_urbaneastern, uniq_robin
D:4:      layout_gridville, serial_demonic, serial_demonic_g, serial_demonic_d,
          serial_demonic_f, serial_demonic_c, uniq_natasha

Skill      XL: |  1  2  3  4  5  6 |
---------------+-------------------+-----
Conjurations   | 2 3 4 5 6 |  6.1
Poison Magic   | 1 2 |  2.1
Air Magic      | 1 |  1.9
Dodging        | |  2.4
Stealth        | |  2.4
Spellcasting   | |  4.4
Summonings     | |  1.1
Translocations | |  1.1

Action                     |  1- 3 |  4- 6 || total
---------------------------+-------+-------++-------
  Melee: Dagger            |       |    18 ||    18
   Cast: Magic Dart        |    94 |    87 ||   181
         Mephitic Cloud    |       |     5 ||     5
         Blink             |       |     1 ||     1
    Use: Scroll            |     2 |     1 ||     3
         Potion            |       |     1 ||     1
   Stab: Confused          |       |     1 ||     1
 Armour: Robe              |     3 |     7 ||    10
  Dodge: Dodged            |    12 |    47 ||    59

Table legend: (Time is in decaauts)
 A = Elapsed time spent in this place.
 B = Non-inter-level travel time spent in this place.
 C = Inter-level travel time spent in this place.
 D = Time resting spent in this place.
 E = Time spent auto-exploring this place.
 F = Levels seen in this place.
 G = Mean time per level.
                   A        B        C        D        E       F      G
               +--------+--------+--------+--------+--------+-----+--------+
         Total |   3661 |   3564 |     97 |    646 |   2434 |   4 |  915.2 |
       Dungeon |   3661 |   3564 |     97 |    646 |   2434 |   4 |  915.2 |
               +--------+--------+--------+--------+--------+-----+--------+

Top non-repeatable levels by time:
     D:3: 1808 daAuts
     D:1: 949 daAuts
     D:4: 595 daAuts
     D:2: 308 daAuts
